 Dungeon Crawl Stone Soup version 0.20.0-15-g7f486f2 (webtiles) character file.

1588 NoAnimeNoLife the Cleaver (level 8, -3/64 HPs)
             Began as a Hill Orc Fighter on June 13, 2017.
             Was a Follower of Beogh.
             Shot with an arrow by a centaur (8 damage)
             ... on level 6 of the Dungeon.
             The game lasted 00:07:51 (4796 turns).

NoAnimeNoLife the Cleaver (Hill Orc Fighter)        Turns: 4796, Time: 00:07:52

Health: -3/64      AC:  9    Str: 19      XL:     8   Next: 92%
Magic:  8/8        EV:  9    Int: 10      God:    Beogh [*.....]
Gold:   467        SH:  7    Dex: 13 (15) Spells: 7/7 levels left

rFire    . . .     SeeInvis .   E - +0 war axe
rCold    . . .     Gourm    .   y - +3 buckler "Fiefinan" {Int+2}
rNeg     . . .     Faith    .   h - +0 chain mail
rPois    +         Spirit   .   (no helmet)
rElec    .         Reflect  .   (no cloak)
rCorr    .         Harm     .   (no gloves)
MR       .....                  (no boots)
Stlth    ..........             (no amulet)
Regen    0.2/turn               e - +3 ring of dexterity
MPRegen  0.2/turn               g - +2 ring of evasion

@: drained
A: blurry vision 1, poison resistance
a: Renounce Religion


You were on level 6 of the Dungeon.
You worshipped Beogh.
Beogh was aware of your devotion.
You were hungry.

You visited 1 branch of the dungeon, and saw 6 of its levels.

You collected 467 gold pieces.

Inventory:

Hand Weapons
 a - a +0 war axe
 E - a +0 war axe (weapon)
Armour
 b - a +0 scale mail
 c - a +0 shield
 h - a +0 chain mail (worn)
 y - the +3 buckler "Fiefinan" (worn) {Int+2}
   (You found it on level 5 of the Dungeon)

   It affects your intelligence (+2).
Jewellery
 e - a +3 ring of dexterity (left hand)
 g - a +2 ring of evasion (right hand)
 q - an uncursed ring of loudness
 w - an uncursed ring of resist corrosion
 A - an uncursed ring of magical power
 D - an uncursed ring of protection from fire
Wands
 r - a wand of lightning (1/15)
Scrolls
 j - 2 scrolls of enchant weapon {unknown}
 l - 4 scrolls of remove curse
 m - 3 scrolls of identify
 n - a scroll of recharging {unknown}
 o - a scroll of magic mapping {unknown}
 p - a scroll of fear {unknown}
 t - a scroll of immolation {unknown}
 u - 2 scrolls of random uselessness {unknown}
 B - a scroll of blinking {unknown}
 G - a scroll of teleportation {unknown}
Potions
 d - 4 potions of might
 i - 5 potions of curing
 s - a potion of heal wounds
 v - a potion of cancellation
 x - 4 potions of haste
 F - a potion of magic
 H - a potion of lignification
Comestibles
 f - 3 bread rations
 k - 3 royal jellies
 z - a meat ration


   Skills:
 - Level 3.6(3.5) Fighting
 + Level 13.8(13.6) Axes
 - Level 3.2 Armour
 - Level 3.2 Shields


You had 7 spell levels left.
You didn't know any spells.

Dungeon Overview and Level Annotations

Branches:
Dungeon (6/15)
 Temple: D:4-7

Altars:
Gozag
Okawaru
Trog
Yredelemnul
Zin
The Shining One


Innate Abilities, Weirdness & Mutations

Scrolls take you a little longer to read.
Your system is resistant to poisons. (rPois)


Message History

The centaur wields a shortbow.
The centaur shoots an arrow.
The arrow hits you!
You see here an arrow.
The centaur shoots an arrow.
You block the arrow.
The centaur shoots an arrow.
The arrow hits you!
The centaur shoots an arrow.
The arrow hits you.
The centaur shoots an arrow.
You block the arrow.
The centaur shoots an arrow.
The arrow hits you but does no damage.
Things that are here:
5 arrows; a scroll labeled HIR XA QYSU The centaur shoots an arrow.
You block the arrow.
The centaur shoots an arrow.
You block the arrow.
You see here 3 arrows.
The centaur shoots an arrow.
The arrow hits you!
The centaur shoots an arrow.
The arrow hits you.
The centaur shoots an arrow.
The arrow hits you!
* * * LOW HITPOINT WARNING * * *
The centaur shoots an arrow.
The arrow hits you!
* * * LOW HITPOINT WARNING * * *
The centaur shoots an arrow.
The arrow hits you.
* * * LOW HITPOINT WARNING * * *
The centaur shoots an arrow.
The arrow hits you!
You die...

#.# #....#...#. #.# #..##......
#.# #....###.#. #.# #.##.# #...
#.#####.##.###...
#.............#..
#<(##.#######.#.#
##########((##.####.##.#.#
#####≈≈≈≈......(@.(...........>..
....≈≈≈ ≈≈≈≈#.(..((##...##.#.....
≈≈≈≈≈≈≈≈≈≈≈≈≈≈≈.##...............
≈≈≈≈≈≈≈≈≈≈≈≈≈≈≈≈≈≈###...####.....
≈≈≈≈≈≈≈≈≈.c≈≈≈≈≈≈≈≈##...# ##.#.#
≈≈≈≈≈≈≈...ccc≈≈≈≈≈≈##...# ##..#
≈≈≈≈≈≈......cc≈≈≈≈≈##...# ####
≈≈≈≈≈≈..#'#...≈≈≈≈≈((...# #
≈≈≈≈≈≈c.#.#....≈≈≈≈###..# +.#


You could see 6 centaurs.

Vanquished Creatures
  Menkaure (D:6)
  An ice beast (D:6)
  A necrophage (D:4)
  4 ogres
  A centaur (D:5)
  A bullfrog (D:6)
  A scorpion (D:5)
  4 wights (D:6)
  2 crimson imps (D:6)
  A quasit (D:6)
  2 orc priests
  2 orc wizards
  A centaur skeleton (D:5)
  A jelly (D:5)
  Natasha (D:4)
  5 worker ants
  A gnoll (D:1)
  A howler monkey skeleton (D:5)
  5 adders
  2 oozes
  A worm (D:3)
  2 dart slugs
  3 leopard geckos
  7 orcs
  A ball python (D:2)
  6 bats
  7 giant cockroaches
  6 goblins
  4 hobgoblins
  10 jackals
  2 quokkas
  4 frilled lizards
  A jackal skeleton (D:4)
  8 kobolds
  A leopard gecko skeleton (D:5)
  3 rats
104 creatures vanquished.

Vanquished Creatures (others)
  A phantom (D:5)
  A hound (D:5)
  A worker ant zombie (D:5)
  2 orcs (D:5)
5 creatures vanquished.

Grand Total: 109 creatures vanquished

Notes
Turn   | Place    | Note
-------+----------+-------------------------------------------
     0 | D:1      | NoAnimeNoLife the Hill Orc Fighter began the quest for the Orb.
     0 | D:1      | Reached XP level 1. HP: 19/19 MP: 1/1
   162 | D:1      | Reached skill level 3 in Axes
   195 | D:1      | Reached XP level 2. HP: 26/26 MP: 2/2
   241 | D:1      | Reached skill level 4 in Axes
   347 | D:1      | Reached XP level 3. HP: 24/31 MP: 3/3
   782 | D:1      | Reached skill level 5 in Axes
  1073 | D:2      | Reached XP level 4. HP: 39/39 MP: 4/4
  1397 | D:2      | Found a faded altar of an unknown god.
  1494 | D:2      | Reached skill level 6 in Axes
  1654 | D:3      | Found a basalt altar of Yredelemnul.
  1664 | D:3      | Found an iron altar of Okawaru.
  1664 | D:3      | Found an opulent altar of Gozag.
  1664 | D:3      | Found a glowing golden altar of the Shining One.
  1675 | D:3      | Found a bloodstained altar of Trog.
  1729 | D:3      | You fall through a shaft for 3 floors!
  1822 | D:6      | Noticed an ice beast
  1833 | D:6      | Killed an ice beast
  1833 | D:6      | Reached skill level 7 in Axes
  1833 | D:6      | Reached XP level 5. HP: 45/45 MP: 5/5
  1847 | D:5      | Entered Level 5 of the Dungeon
  1866 | D:5      | Noticed a centaur
  1873 | D:5      | Killed a centaur
  1873 | D:5      | Reached skill level 8 in Axes
  1873 | D:5      | Reached XP level 6. HP: 45/51 MP: 6/6
  1964 | D:5      | Reached skill level 9 in Axes
  2065 | D:5      | Found a glowing silver altar of Zin.
  2066 | D:5      | Noticed an angel
  2094 | D:5      | Reached XP level 7. HP: 41/57 MP: 7/7
  2097 | D:5      | Got a steaming buckler
  2108 | D:5      | Identified the +3 buckler "Fiefinan" {Int+2} (You found it on level 5 of the Dungeon)
  2123 | D:5      | Reached skill level 10 in Axes
  2218 | D:5      | Became a worshipper of Beogh the Brigand
  2640 | D:5      | Reached skill level 11 in Axes
  3064 | D:4      | Noticed Natasha
  3069 | D:4      | Killed Natasha
  3322 | D:3      | Reached XP level 8. HP: 32/64 MP: 8/8
  3823 | D:4      | Reached * piety under Beogh
  4061 | D:4      | Reached skill level 12 in Axes
  4114 | D:6      | Noticed Menkaure
  4124 | D:6      | Killed Menkaure
  4286 | D:6      | Gained mutation: Scrolls take you a little longer to read. [potion of mutation]
  4286 | D:6      | Gained mutation: Your system is resistant to poisons. (rPois) [potion of mutation]
  4378 | D:6      | Reached skill level 13 in Axes
  4796 | D:6      | Shot with an arrow by a centaur

Skill      XL: |  1  2  3  4  5  6  7  8 |
---------------+-------------------------+-----
Axes           | 3 4 5 7 8 9 11 13 | 13.8
Fighting       | |  3.6
Armour         | |  3.2
Shields        | |  3.2

Action                   |  1- 3 |  4- 6 |  7- 9 || total
-------------------------+-------+-------+-------++-------
Melee: War axe           |    93 |   109 |   194 ||   396
Invok: Convert to Beogh  |       |       |     1 ||     1
  Use: Scroll            |       |       |    10 ||    10
       Potion            |       |       |     2 ||     2
  Eat: Chunk             |       |     4 |     6 ||    10
       Royal jelly       |       |       |     1 ||     1
Armor: Chain mail        |    69 |    59 |    66 ||   194
Dodge: Dodged            |    18 |    16 |    60 ||    94
Block: Shield            |    38 |    51 |       ||    89
       Buckler           |       |       |    87 ||    87
